[Event "ICC tourney 2569 (40 10)"]
[Site "Internet Chess Club"]
[Date "2021.05.16"]
[Round "1"]
[White "RAMIREZ GONZALEZ, MARIA JOSE:Merry20"]
[Black "HEBDEN, MARK L:mhebden"]
[Result "0-1"]
[ICCResult "White resigns"]
[WhiteElo "2000"]
[BlackElo "2503"]
[Opening "Richter-Veresov attack"]
[ECO "D01"]
[NIC "QP.07"]
[Time "11:02:08"]
[TimeControl "2400+10"]

1. d4 Nf6 2. Nc3 d5 3. Bg5 Nbd7 4. e3 e6 5. Bd3 c5 6. Nf3 c4 7. Be2 Bb4 8.
O-O Bxc3 9. bxc3 Qa5 10. Ne5 Nxe5 11. Bxf6 gxf6 12. dxe5 Qxc3 13. exf6 Bd7
14. e4 Bc6 15. exd5 Bxd5 16. Re1 O-O-O 17. Qb1 Rdg8 18. g3 h5 19. Qb5 h4 20.
Qc5+ Kb8 21. Qd6+ Ka8 22. Rad1 hxg3 23. fxg3 Qe3+ 24. Kf1 Rxh2 {White
resigns} 0-1

[Event "ICC tourney 2569 (40 10)"]
[Site "Internet Chess Club"]
[Date "2021.05.16"]
[Round "1"]
[White "UDOVENKO, DANIEL ALEXANDER:DanielA1926"]
[Black "REMPE, JONAS JAKOB RAZA:Drachekokosnuss"]
[Result "1/2-1/2"]
[ICCResult "Game drawn by mutual agreement"]
[WhiteElo "1778"]
[BlackElo "2100"]
[Opening "King's Indian: Kazakh variation"]
[ECO "E91"]
[NIC "KI.19"]
[Time "11:02:00"]
[TimeControl "2400+10"]

1. d4 Nf6 2. c4 g6 3. Nc3 Bg7 4. e4 d6 5. Nf3 O-O 6. Be2 Na6 7. Qc2 e5 8. d5
h6 9. h3 Kh7 10. Be3 Ng8 11. Nd2 f5 12. f3 f4 13. Bf2 Nf6 14. Bh4 g5 15. Bf2
h5 16. a3 b6 17. b4 Nb8 18. c5 Kg6 19. c6 Rh8 20. O-O-O a5 21. b5 Kf7 22. a4
Bh6 23. Kb1 g4 24. Bh4 g3 25. Bxf6 Qxf6 26. Kb2 Rg8
{Game drawn by mutual agreement}
1/2-1/2

[Event "ICC tourney 2569 (40 10)"]
[Site "Internet Chess Club"]
[Date "2021.05.16"]
[Round "1"]
[White "MARKOVIC, GORAN:Goran21"]
[Black "DURAN VEGA, SERGIO:SD19"]
[Result "0-1"]
[ICCResult "White checkmated"]
[WhiteElo "1995"]
[BlackElo "2464"]
[Opening "Ruy Lopez: exchange variation, 5.O-O"]
[ECO "C68"]
[NIC "RL.08"]
[Time "11:02:03"]
[TimeControl "2400+10"]

1. e4 e5 2. Nf3 Nc6 3. Bb5 a6 4. Bxc6 dxc6 5. O-O Qf6 6. h3 Ne7 7. d4 exd4
8. Nxd4 Bd7 9. f4 O-O-O 10. e5 Qg6 11. Qf3 Nf5 12. Nb3 Nh4 13. Qf2 Bxh3 14.
f5 Qg4 15. N1d2 Bxg2 16. Qf4 Qh3 17. Re1 Bd5 18. Re2 Bxb3 19. Rh2 Bc5+ 20.
Kh1 Bd5+ 21. Ne4 Bxe4+ 22. Qxe4 Qf1# {White checkmated} 0-1

[Event "ICC tourney 2569 (40 10)"]
[Site "Internet Chess Club"]
[Date "2021.05.16"]
[Round "1"]
[White "BELOUS, VLADIMIR:Openyagami"]
[Black "YE, LUKE SICONG:lukeye"]
[Result "1-0"]
[ICCResult "Black checkmated"]
[WhiteElo "2602"]
[BlackElo "2075"]
[Opening "English: Neo-Catalan"]
[ECO "A13"]
[NIC "RE.11"]
[Time "11:02:06"]
[TimeControl "2400+10"]

1. c4 Nf6 2. Nf3 e6 3. g3 d5 4. Bg2 Bd6 5. d4 c6 6. O-O dxc4 7. Nc3 Nd5 8.
e4 Nxc3 9. bxc3 b5 10. a4 Bb7 11. h4 O-O 12. e5 Be7 13. Ng5 h6 14. Ne4 a5
15. axb5 cxb5 16. Nf6+ Bxf6 17. Bxb7 Ra7 18. exf6 Rxb7 19. fxg7 Re8 20. Bxh6
Nc6 21. Qh5 Qf6 22. Rfe1 Rc8 23. d5 exd5 24. Bg5 Qxg7 25. Bf6 Qxf6 26. Qg4+
Kh7 27. Qxc8 Re7 28. Rxe7 Nxe7 29. Qd7 Qxc3 30. Rf1 Qb4 31. h5 c3 32. Qe8 c2
33. Qxf7+ Kh6 34. Qf6+ Kxh5 35. Kg2 Qe4+ 36. f3 Qe2+ 37. Rf2 Qxf2+ 38. Kxf2
c1=Q 39. g4# {Black checkmated} 1-0

[Event "ICC tourney 2569 (40 10)"]
[Site "Internet Chess Club"]
[Date "2021.05.16"]
[Round "1"]
[White "CHONG, JOSHUA ETHAN:Joshua1"]
[Black "FILIPOVICH, DAVID MICHAEL:dmfcan"]
[Result "1-0"]
[ICCResult "Black resigns"]
[WhiteElo "1846"]
[BlackElo "2150"]
[Opening "Beefeater defense"]
[ECO "A40"]
[NIC "QO.17"]
[Time "11:02:04"]
[TimeControl "2400+10"]

1. d4 g6 2. c4 Bg7 3. Nc3 c5 4. d5 Bxc3+ 5. bxc3 f5 6. e3 Qa5 7. Qc2 Nf6 8.
Bd3 d6 9. Bd2 Nbd7 10. Nf3 Ng4 11. h3 Nge5 12. Nxe5 Nxe5 13. f4 Nxd3+ 14.
Qxd3 b6 15. O-O Ba6 16. a4 O-O-O 17. Rfb1 e6 18. Rb5 Bxb5 19. cxb5 c4 20.
Qxc4+ Kb8 21. Qa2 exd5 22. c4 Qxd2 23. Qxd2 dxc4 24. Qd5 Rhe8 25. Rc1 Rxe3
26. Rxc4 {Black resigns} 1-0

[Event "ICC tourney 2569 (40 10)"]
[Site "Internet Chess Club"]
[Date "2021.05.16"]
[Round "1"]
[White "LESCHINSKY, GARY:GLeschinsky"]
[Black "TIONG, RACHAEL:rachael1120"]
[Result "1-0"]
[ICCResult "Black resigns"]
[WhiteElo "2097"]
[BlackElo "1636"]
[Opening "QGD: exchange, positional line"]
[ECO "D35"]
[NIC "QO.16"]
[Time "11:02:10"]
[TimeControl "2400+10"]

1. d4 d5 2. c4 e6 3. Nc3 Nf6 4. cxd5 exd5 5. Bg5 Be6 6. e3 h6 7. Bxf6 Qxf6
8. Qb3 b6 9. Nxd5 Bxd5 10. Qxd5 Bb4+ 11. Ke2 c6 12. Qe4+ Kf8 13. Nf3 Nd7 14.
Rc1 Rc8 15. g3 g6 16. Bh3 Qe7 17. Qxe7+ Kxe7 18. Ne5 Nxe5 19. Bxc8 Rxc8 20.
dxe5 Ke6 21. f4 Be7 22. Rhd1 h5 23. Kf3 c5 24. Ke4 f6 25. exf6 Bxf6 26. Rc2
Rc7 27. Rcd2 Be7 28. h3 c4 29. g4 hxg4 30. hxg4 a5 31. f5+ gxf5+ 32. gxf5+
Kf6 33. Kf4 Bf8 34. Rh2 Rc6 35. e4 Rc5 36. Rh8 Kg7 37. Rhh1 Kf6 38. Rd5 Rc6
39. e5+ Kf7 40. Rd7+ Ke8 41. Rb7 c3 42. bxc3 Rxc3 43. f6 Kd8 44. Rh8 Kc8 45.
Rf7 Kb8 46. Rhxf8+ Rc8 47. Rxc8+ Kxc8 48. e6 {Black resigns} 1-0

[Event "ICC tourney 2569 (40 10)"]
[Site "Internet Chess Club"]
[Date "2021.05.16"]
[Round "1"]
[White "JIMENEZ GARCIA, EMMANUEL:emmanueljimenez"]
[Black "TRANDAFIR, STEFAN:trandaferrari"]
[Result "1-0"]
[ICCResult "Black resigns"]
[WhiteElo "2447"]
[BlackElo "1958"]
[Opening "English opening"]
[ECO "A05"]
[NIC "QP.11"]
[Time "11:02:00"]
[TimeControl "2400+10"]

1. Nf3 Nf6 2. c4 d5 3. cxd5 Nxd5 4. d4 g6 5. e4 Nb6 6. a4 a5 7. Nc3 Bg7 8.
Be2 O-O 9. O-O Bg4 10. Be3 Nc6 11. d5 Nb4 12. Rc1 Bd7 13. b3 e6 14. d6 cxd6
15. Qxd6 Nc8 16. Qg3 Na7 17. e5 Qe7 18. Ne4 Rfd8 19. Bg5 Qf8 20. Bxd8 Qxd8
21. Rfd1 Qe7 22. Nf6+ Bxf6 23. exf6 Qe8 24. Qh4 Bc6 25. Ng5 h5 26. Bxh5
{Black resigns}
1-0

[Event "ICC tourney 2569 (40 10)"]
[Site "Internet Chess Club"]
[Date "2021.05.16"]
[Round "1"]
[White "WANG, ALEXANDER J:ickyquarter"]
[Black "VAKHIDOV, JAKHONGIR:TjkTiger"]
[Result "0-1"]
[ICCResult "White resigns"]
[WhiteElo "2050"]
[BlackElo "2602"]
[Opening "Sicilian: accelerated fianchetto, modern variation with Bc4"]
[ECO "B35"]
[NIC "SI.43"]
[Time "11:02:50"]
[TimeControl "2400+10"]

1. e4 c5 2. Nf3 g6 3. d4 cxd4 4. Nxd4 Bg7 5. Nc3 Nc6 6. Be3 Nf6 7. Bc4 O-O
8. Bb3 d6 9. f3 Bd7 10. Qd2 Nxd4 11. Bxd4 b5 12. Nd5 Nxd5 13. Bxd5 Rc8 14.
c3 Bxd4 15. Qxd4 Qc7 16. O-O a5 17. a3 Qc5 18. Rad1 Rc7 19. Rf2 Rb8 20. Rfd2
b4 21. Qxc5 Rxc5 22. axb4 axb4 23. cxb4 Rxb4 24. b3 Kg7 25. Rd4 Rxd4 26.
Rxd4 Rc1+ 27. Kf2 Rc2+ 28. Kg1 Rb2 29. Bc4 Kf6 30. Rd3 g5 31. h3 h5 32. Kh2
h4 33. Rd4 Bc8 34. Rd3 Be6 35. Bxe6 fxe6 36. Rc3 Rb1 37. Rd3 Ke5 38. Rc3 d5
39. exd5 exd5 40. Re3+ Kd6 41. b4 d4 42. Re4 e5 {White resigns} 0-1

[Event "ICC tourney 2569 (40 10)"]
[Site "Internet Chess Club"]
[Date "2021.05.16"]
[Round "1"]
[White "NI, BRANDON:chessbn"]
[Black "PARK, EVAN:espark"]
[Result "0-1"]
[ICCResult "White resigns"]
[WhiteElo "1930"]
[BlackElo "2322"]
[Opening "Dutch"]
[ECO "A80"]
[NIC "HD.12"]
[Time "11:02:05"]
[TimeControl "2400+10"]

1. d4 f5 2. Bf4 Nf6 3. e3 e6 4. Nf3 Be7 5. h3 d6 6. Be2 O-O 7. O-O b6 8. c4
Bb7 9. Nc3 Ne4 10. Nxe4 Bxe4 11. Nd2 Bb7 12. Bf3 c6 13. Bg3 Nd7 14. Qb3 Kh8
15. c5 d5 16. cxb6 axb6 17. Rfc1 c5 18. Be2 c4 19. Qc2 b5 20. f3 Qe8 21. b3
Bf6 22. f4 g5 23. Nf3 gxf4 24. exf4 Be7 25. a4 bxa4 26. bxc4 dxc4 27. Qxc4
Bd5 28. Qc2 Rg8 29. Bh4 Qg6 30. Bg5 h6 31. Nh4 Qg7 32. Bxe7 Bxg2 33. Bg5 Be4
34. Qc7 hxg5 {White resigns} 0-1

[Event "ICC tourney 2569 (40 10)"]
[Site "Internet Chess Club"]
[Date "2021.05.16"]
[Round "1"]
[White "ZENG, ELBERT:investigator"]
[Black "LIANG, ETHAN Y:ELCCEthan488"]
[Result "0-1"]
[ICCResult "White resigns"]
[WhiteElo "2123"]
[BlackElo "1779"]
[Opening "Réti opening"]
[ECO "A05"]
[NIC "QP.11"]
[Time "11:02:01"]
[TimeControl "2400+10"]

1. Nf3 Nf6 2. g3 d5 3. d4 Bf5 4. Bg2 e6 5. O-O c5 6. c4 Nc6 7. cxd5 Nxd5 8.
Re1 cxd4 9. Nxd4 Nxd4 10. Qxd4 Nb4 11. Qxd8+ Rxd8 12. Na3 b6 13. Bf4 Bd6 14.
Red1 Bxf4 15. Rxd8+ Kxd8 16. gxf4 Ke7 17. Nb5 Rd8 18. a3 Nc2 19. Rc1 Nd4 20.
Rc7+ Kf6 21. Nc3 Nb5 22. Rc4 Nxc3 23. Rxc3 Rd2 24. Bf3 Bh3 25. e4 Rxb2 26.
Bd1 Rb1 27. Rxh3 Rxd1+ 28. Kg2 Rd4 29. e5+ Kf5 30. Rxh7 Rxf4 31. Rxg7 Rg4+
32. Rxg4 Kxg4 33. f3+ Kf4 34. h4 Kxe5 35. Kf2 b5 36. Ke3 a5 37. h5 Kf5 38.
f4 e5 {White resigns} 0-1

[Event "ICC tourney 2569 (40 10)"]
[Site "Internet Chess Club"]
[Date "2021.05.16"]
[Round "1"]
[White "CHAVES SANCHEZ, GABRIEL A:Gagri"]
[Black "GAW, CHLOE:HarleyQueen8"]
[Result "1-0"]
[ICCResult "Black checkmated"]
[WhiteElo "2306"]
[BlackElo "1928"]
[Opening "Sicilian"]
[ECO "B50"]
[NIC "SI.01"]
[Time "11:02:04"]
[TimeControl "2400+10"]

1. e4 c5 2. Nf3 d6 3. c3 Nf6 4. h3 Nc6 5. Bd3 e6 6. Bc2 e5 7. O-O Be7 8. d4
cxd4 9. cxd4 exd4 10. Nxd4 O-O 11. Nc3 d5 12. exd5 Nxd5 13. Nxd5 Qxd5 14.
Nf5 Qxd1 15. Nxe7+ Nxe7 16. Rxd1 Be6 17. Be3 Nd5 18. Bd4 b6 19. Rd2 Nb4 20.
Be4 Rac8 21. a3 Nc6 22. Bc3 Nb8 23. Rad1 Bb3 24. Re1 Be6 25. f4 Rfe8 26. Kf2
Rc7 27. f5 Bd7 28. Rde2 h6 29. g4 Bb5 30. Re3 Na6 31. f6 g6 32. Bd5 Rd8 33.
Ba2 Nc5 34. Re7 Nd3+ 35. Kg1 Rxc3 36. Rxf7 Bc4 37. Rg7+ Kf8 38. bxc3 Nxe1
39. Bxc4 Nf3+ 40. Kf2 Rd2+ 41. Kxf3 Ke8 42. Rg8+ Kd7 43. f7 Rc2 44. Bb5+ Ke6
45. f8=Q Rxc3+ 46. Ke4 Re3+ 47. Kxe3 h5 48. Rxg6+ Kd5 49. Qd6#
{Black checkmated}
1-0

[Event "ICC tourney 2569 (40 10)"]
[Site "Internet Chess Club"]
[Date "2021.05.16"]
[Round "1"]
[White "MAZUMDAR, SHAURYA:raremystery"]
[Black "GAMBOA ALVARADO, OLGA LETICIA:Letigam"]
[Result "0-1"]
[ICCResult "White checkmated"]
[WhiteElo "1695"]
[BlackElo "2100"]
[Opening "Pirc: classical, h3 system"]
[ECO "B08"]
[NIC "PU.10"]
[Time "11:02:23"]
[TimeControl "2400+10"]

1. e4 d6 2. d4 Nf6 3. Nc3 g6 4. Nf3 Bg7 5. h3 c6 6. Bd3 b5 7. a3 a6 8. Ne2
Qc7 9. Be3 Nbd7 10. c3 Bb7 11. Ng3 O-O 12. O-O c5 13. Rc1 Rac8 14. Re1 e5
15. b3 Rfe8 16. a4 c4 17. bxc4 bxc4 18. Bb1 d5 19. dxe5 Nxe4 20. Bd4 Nxg3
21. fxg3 Nxe5 22. Nxe5 Bxe5 23. Bxe5 Rxe5 24. Rxe5 Qxe5 25. Kh2 h5 26. h4
Re8 27. Qf3 a5 28. Rf1 Re7 29. Rf2 d4 30. cxd4 Qxd4 31. Qf6 Qxf6 32. Rxf6
Re2 33. Rb6 Bxg2 34. Kg1 Bh3 35. Bxg6 fxg6 36. Rxg6+ Kf7 37. Rc6 Be6 38. Rc5
Ra2 39. Rxa5 c3 40. Rc5 c2 41. a5 Ra1+ 42. Kf2 c1=Q 43. Rxc1 Rxc1 44. a6 Ra1
45. a7 Rxa7 46. Ke3 Kf6 47. Kf4 Ra4+ 48. Ke3 Rg4 49. Kf2 Ke5 50. Kg2 Ke4 51.
Kh2 Ke3 52. Kg2 Ke2 53. Kg1 Rxg3+ 54. Kh2 Kf2 55. Kh1 Rh3# {White
checkmated} 0-1

[Event "ICC tourney 2569 (40 10)"]
[Site "Internet Chess Club"]
[Date "2021.05.16"]
[Round "1"]
[White "REISS, AIDEN:Aidenrchess"]
[Black "Poliannikov, Danila:dopolian"]
[Result "0-1"]
[ICCResult "White checkmated"]
[WhiteElo "1905"]
[BlackElo "2263"]
[Opening "Ruy Lopez: open, Italian variation"]
[ECO "C82"]
[NIC "RL.30"]
[Time "11:02:14"]
[TimeControl "2400+10"]

1. e4 e5 2. Nf3 Nc6 3. Bb5 a6 4. Ba4 Nf6 5. O-O Nxe4 6. d4 b5 7. Bb3 d5 8.
dxe5 Be6 9. c3 Bc5 10. Bf4 O-O 11. Nbd2 Bf5 12. Nxe4 dxe4 13. Ng5 h6 14.
Nxf7 Rxf7 15. Qh5 g6 16. Qxh6 Bf8 17. Bxf7+ Kxf7 18. Qh7+ Bg7 19. a4 Qe7 20.
Bh6 Rg8 21. axb5 axb5 22. f3 exf3 23. Rxf3 Nxe5 24. Re3 Qc5 25. b4 Qb6 26.
Kh1 Qxe3 27. Bxe3 Rh8 28. Qxh8 Bxh8 29. Ra7 Nc4 30. Rxc7+ Ke6 31. Bd4 Bxd4
32. cxd4 Nd6 33. Rc5 Bd3 34. h4 Nf5 35. d5+ Ke5 36. Rc6 Nxh4 37. d6 Ke6 38.
Rc1 Bc4 39. Rd1 Kd7 40. Rd4 Nf5 41. Rg4 Bf7 42. Rg5 Kxd6 43. Kh2 Ke5 44. Rg4
Kf6 45. Re4 Bc4 46. g4 Ne7 47. Kg3 Nd5 48. Kh4 Nxb4 49. g5+ Kf5 50. Re8 Nc6
51. Rf8+ Ke4 52. Rf6 Ne5 53. Rb6 Kf4 54. Rf6+ Ke4 55. Rb6 Kd4 56. Rf6 b4 57.
Rb6 b3 58. Rb8 Nc6 59. Rb6 Kc5 60. Rb7 Nb4 61. Rg7 b2 62. Rc7+ Kd4 63. Rd7+
Bd5 64. Rb7 b1=Q 65. Rb6 Qe1+ 66. Kg4 Qe4+ 67. Kg3 Qf3+ 68. Kh4 Qh1+ 69. Kg4
Bf3+ 70. Kg3 Qg2+ 71. Kf4 Qg4# {White checkmated} 0-1

[Event "ICC tourney 2569 (40 10)"]
[Site "Internet Chess Club"]
[Date "2021.05.16"]
[Round "1"]
[White "KUMAR, SRIRAM K:sirking2800"]
[Black "SHEEHAN, ETHAN THOMAS:Chessking2008"]
[Result "0-1"]
[ICCResult "White resigns"]
[WhiteElo "1893"]
[BlackElo "2192"]
[Opening "Sicilian: accelerated fianchetto, modern variation with Bc4"]
[ECO "B35"]
[NIC "SI.33"]
[Time "11:02:02"]
[TimeControl "2400+10"]

1. e4 c5 2. Nf3 g6 3. d4 cxd4 4. Nxd4 Nc6 5. Nc3 Bg7 6. Be3 Nf6 7. Bc4 O-O
8. Bb3 d6 9. f3 Bd7 10. Qd2 Rc8 11. g4 Ne5 12. h4 b5 13. h5 b4 14. Nce2
Nxf3+ 15. Nxf3 Bxg4 16. Ng5 Bxh5 17. Nf4 Qa5 18. Nxh5 Nxh5 19. O-O-O Qe5 20.
Bd4 Qxd4 21. Qxd4 Bxd4 22. Rxd4 a5 23. Rd5 Ra8 24. Rb5 h6 25. Nf3 Ra7 26.
Nd4 Rc8 27. Nf5 gxf5 28. Rxh5 a4 29. Bxf7+ Kxf7 30. Rhxf5+ Kg6 31. Rxb4 h5
32. Rbb5 Rac7 33. Rg5+ Kf6 34. Rbf5+ Ke6 35. Rf2 Rc5 36. Rg7 Re5 37. Rh7 Rc4
38. Rh2 Rexe4 39. R7xh5 Rcd4 40. c3 Re1+ 41. Kc2 Rde4 42. R5h4 Kd5 43. Rxe4
Rxe4 44. Kd3 e5 45. b4 Rg4 46. Rh8 Rg3+ 47. Kd2 Rg2+ 48. Kd3 Rxa2 49. c4+
Kc6 50. b5+ Kb6 51. Rc8 Ra1 52. Kc2 e4 53. Rc6+ Kb7 54. Rxd6 e3 55. c5 e2
56. c6+ Kc8 57. b6 e1=Q 58. b7+ Kc7 59. Rd7+ Kxc6 60. b8=Q Rc1+ 61. Kd3 Rc3+
{White resigns}
0-1

[Event "ICC tourney 2569 (40 10)"]
[Site "Internet Chess Club"]
[Date "2021.05.16"]
[Round "1"]
[White "IVANOV, ALEXANDER:marble"]
[Black "BAGCHI, SOUNAK:Chesssaga"]
[Result "1-0"]
[ICCResult "Black resigns"]
[WhiteElo "2494"]
[BlackElo "1999"]
[Opening "Sicilian: Hungarian variation"]
[ECO "B27"]
[NIC "SI.43"]
[Time "11:01:54"]
[TimeControl "2400+10"]

1. e4 c5 2. Nf3 g6 3. d4 cxd4 4. Qxd4 Nf6 5. e5 Nc6 6. Qa4 Nd5 7. Qe4 Nc7 8.
Nc3 Bg7 9. Bf4 b5 10. O-O-O b4 11. Na4 Ne6 12. Bg3 O-O 13. Bc4 Qc7 14. Kb1
Bb7 15. Bd5 Rab8 16. Qe3 Na5 17. b3 Rfc8 18. Be4 Bc6 19. Nb2 Rb5 20. Rhe1
Bxe4 21. Qxe4 Rc5 22. Nd3 Rc3 23. Nxb4 Nc4 24. Nd5 Na3+ 25. Kb2 Rxc2+ 26.
Kxa3 Qa5+ 27. Qa4 Qc5+ 28. Qb4 Rxa2+ 29. Kxa2 Qc2+ 30. Ka3 Nc7 31. Nxe7+ Kh8
32. Nxc8 Na6 33. Qc4 Bf8+ 34. Nd6 Bxd6+ 35. exd6 {Black resigns} 1-0

[Event "ICC tourney 2569 (40 10)"]
[Site "Internet Chess Club"]
[Date "2021.05.16"]
[Round "1"]
[White "SLADE, THEODORE LUKE:MrNormalName"]
[Black "BERKLEY, DARRIN K:drberkley"]
[Result "1-0"]
[ICCResult "Black forfeits on time"]
[WhiteElo "2170"]
[BlackElo "1846"]
[Opening "King's Indian: Gligoric-Taimanov system"]
[ECO "E92"]
[NIC "KI.18"]
[Time "11:02:50"]
[TimeControl "2400+10"]

1. d4 Nf6 2. c4 g6 3. Nc3 Bg7 4. e4 d6 5. Nf3 O-O 6. Be2 e5 7. Be3 Re8 8.
dxe5 dxe5 9. Qxd8 Rxd8 10. Nd5 Nxd5 11. cxd5 c6 12. Bc4 cxd5 13. Bxd5 h6 14.
Rc1 Na6 15. a3 Rd7 16. O-O Nc7 17. Bb3 b6 18. Ba4 b5 19. Bb3 Bb7 20. Rc5 Bf8
21. Nxe5 Bxc5 22. Nxd7 Bxe3 23. fxe3 Ne6 24. Bxe6 fxe6 25. Nc5 Bc8 26. Rd1
Kf7 27. Rd8 Kf6 28. Kf2 a5 29. b4 axb4 30. axb4 e5 31. Kg3 g5 32. Rh8 Kg7
33. Re8 Kf6 34. Rf8+ Kg7 35. Ne6+ Kg6 36. Nc7 Rb8 37. Nd5
{Black forfeits on time}
1-0

[Event "ICC tourney 2569 (40 10)"]
[Site "Internet Chess Club"]
[Date "2021.05.16"]
[Round "1"]
[White "Vittal, Sanjana:MCTS13"]
[Black "KATSMAN, DAVID:davika21"]
[Result "0-1"]
[ICCResult "White checkmated"]
[WhiteElo "2190"]
[BlackElo "1888"]
[Opening "Vienna game"]
[ECO "C28"]
[NIC "IG.04"]
[Time "11:02:11"]
[TimeControl "2400+10"]

1. e4 e5 2. Bc4 Nc6 3. Nc3 Nf6 4. d3 Be7 5. f4 exf4 6. Bxf4 d6 7. Nf3 O-O 8.
O-O Na5 9. Bb3 c6 10. Bd2 Nxb3 11. axb3 Re8 12. Kh1 Nd7 13. Ne2 Bf6 14. Bc3
Bxc3 15. bxc3 Ne5 16. Nxe5 dxe5 17. Ng3 a5 18. Qf3 Qe7 19. Nh5 f6 20. Qg3
Kh8 21. Qh4 Be6 22. Rf3 b5 23. g4 a4 24. bxa4 bxa4 25. Ng3 a3 26. Ne2 a2 27.
Qg3 Reb8 28. Rff1 Rb2 29. Rfc1 Rab8 30. g5 Rb1 31. Qe1 Rxa1 32. Rxa1 fxg5
33. c4 Bg4 34. Rxa2 Bf3+ 35. Kg1 Qc5+ 36. d4 exd4 37. Ra5 Qxc4 38. Nc1 h6
39. Ra3 g4 40. Qg3 Rb1 41. Qf4 Qe6 42. e5 Kh7 43. Rb3 Rxb3 44. Nxb3 d3 45.
Nd4 Qg6 46. e6 c5 47. Nf5 Qxe6 48. cxd3 Qe1# {White checkmated} 0-1

[Event "ICC tourney 2569 (40 10)"]
[Site "Internet Chess Club"]
[Date "2021.05.16"]
[Round "1"]
[White "HERNANDEZ ALVAREZ, TANIA REGLA:reynaajedrez"]
[Black "Santiago Gonzalez, Frida:fridanavys1"]
[Result "1/2-1/2"]
[ICCResult "Game drawn by mutual agreement"]
[WhiteElo "2200"]
[BlackElo "1900"]
[Opening "Réti opening"]
[ECO "A05"]
[NIC "QP.11"]
[Time "11:02:05"]
[TimeControl "2400+10"]

1. Nf3 Nf6 2. b3 g6 3. Bb2 Bg7 4. c4 O-O 5. g3 d5 6. cxd5 Nxd5 7. Bxg7 Kxg7
8. Bg2 c6 9. O-O Bg4 10. Qc2 Bxf3 11. Bxf3 e5 12. Nc3 Nxc3 13. Qxc3 Qe7 14.
h4 Na6 15. h5 Nc7 16. d4 e4 17. d5+ f6 18. d6 Qxd6 19. Bxe4 Nb5 20. Qc2 f5
21. Rad1 Qe6 22. Bf3 Rad8 23. Qb2+ Qf6 24. h6+ Kf7 25. Qc1 g5 26. Bh5+ Kg8
27. Qc4+ Kh8 28. a4 Nc3 29. Rd3 Rxd3 30. exd3 g4 31. Re1 Nd5 32. Be8 Qxh6
33. Qd4+ Qf6 34. Qc5 Kg8 35. d4 Qd8 36. Bh5 Nf6 37. Qxf5 Nxh5 38. Qxh5 Qxd4
39. Qg5+ Kh8 40. Re3 Qg7 41. Qc5 Qf6 42. Re4 b6 43. Qe3 Rg8 44. Re6 Qa1+ 45.
Kg2 c5 46. Re7 Rg7 47. Re8+ Rg8 48. Re7 Rg7 49. Re8+ Rg8
{Game drawn by mutual agreement}
1/2-1/2

[Event "ICC tourney 2569 (40 10)"]
[Site "Internet Chess Club"]
[Date "2021.05.16"]
[Round "1"]
[White "DIAZ CHARPENTIER, KRISTEL MELISSA:kris0428"]
[Black "CHENG, CLAIRE:Clairehouses"]
[Result "0-1"]
[ICCResult "White forfeits on time"]
[WhiteElo "2100"]
[BlackElo "1777"]
[Opening "Réti opening"]
[ECO "A05"]
[NIC "RE.08"]
[Time "11:02:03"]
[TimeControl "2400+10"]

1. Nf3 Nf6 2. b3 e6 3. Bb2 d5 4. c4 Be7 5. g3 O-O 6. Bg2 b6 7. O-O Bb7 8. e3
Nbd7 9. Nc3 Nc5 10. d4 Nce4 11. Rc1 Nxc3 12. Rxc3 a5 13. a3 a4 14. Re1 axb3
15. Qxb3 dxc4 16. Qxc4 Ne4 17. Rc2 c5 18. dxc5 Bxc5 19. Ne5 Bd5 20. Qd3 Nf6
21. e4 Bb7 22. Qf3 Qe7 23. Qb3 Ra6 24. Nc4 Rd8 25. Bf3 Bc6 26. Kg2 Ba4 27.
Qa2 Bxc2 28. Bxf6 Qxf6 29. Qxc2 Ra7 30. e5 Qg5 31. h4 Qg6 32. Be4 f5 33.
exf6 Qxf6 34. Bxh7+ Kh8 35. Ne5 Rxa3 36. Bg6 Rf8 {White forfeits on time}
0-1

[Event "ICC tourney 2569 (40 10)"]
[Site "Internet Chess Club"]
[Date "2021.05.16"]
[Round "1"]
[White "Jin, Xiaodong:SuperWJ"]
[Black "LEE, ALICE TERESA:binomialfactor"]
[Result "1/2-1/2"]
[ICCResult "Game drawn because neither player has mating material"]
[WhiteElo "1864"]
[BlackElo "2173"]
[Opening "QGD Slav: 3.Nf3"]
[ECO "D11"]
[NIC "SL.01"]
[Time "11:01:56"]
[TimeControl "2400+10"]

1. d4 d5 2. c4 c6 3. Nf3 Nf6 4. Qc2 dxc4 5. Qxc4 Bf5 6. g3 e6 7. Bg2 Be7 8.
O-O O-O 9. Qb3 Qb6 10. Nbd2 Nbd7 11. Nc4 Qxb3 12. axb3 a6 13. Na5 Ra7 14.
Bd2 Rc8 15. Rfc1 Bd8 16. b4 Bxa5 17. bxa5 Raa8 18. b4 h6 19. Be1 Be4 20. Nd2
Bxg2 21. Kxg2 e5 22. dxe5 Nxe5 23. Nf1 Re8 24. f3 Rad8 25. Rd1 Nc4 26. e4
Kf8 27. Bc3 Ke7 28. Rac1 Rxd1 29. Bxf6+ Kxf6 30. Rxd1 Ke7 31. Kf2 Rd8 32.
Rxd8 Kxd8 33. Ne3 Nd6 34. e5 Ne8 35. f4 Kd7 36. Kf3 g6 37. h4 Nc7 38. Ke4
Na8 39. Nc4 Nc7 40. Nd6 Nd5 41. Nxb7 Nxb4 42. Nc5+ Kc7 43. Kd4 Nc2+ 44. Kc3
Ne3 45. Nxa6+ Kc8 46. Nc5 Nf5 47. Kc4 Nxg3 48. a6 Kb8 49. e6 fxe6 50. Nxe6
Nf5 51. Kc5 Ka7 52. Kxc6 Kxa6 53. h5 gxh5 54. Kd5 h4 55. Nc5+ Kb6 56. Nd3
Ne3+ 57. Ke4 Ng4 58. Kf3 Nf6 59. Kg2 Kc6 60. Kh3 Kd5 61. Nf2 Ke6 62. Kxh4
Kf5 63. Kg3 Nh5+ 64. Kh4 Nxf4 65. Ng4 h5 66. Ne3+ Ke4 67. Nc4 Kf5 68. Nd6+
Kg6 69. Nc4 Ng2+ 70. Kg3 Ne1 71. Kh4 Nf3+ 72. Kg3 Nd4 73. Kh4 Nf5+ 74. Kh3
Kg5 75. Ne5 h4 76. Nf3+ Kh5 77. Nxh4
{Game drawn because neither player has mating material}
1/2-1/2

[Event "ICC tourney 2569 (40 10)"]
[Site "Internet Chess Club"]
[Date "2021.05.16"]
[Round "1"]
[White "YANG, KAIQI:YKQ"]
[Black "HU, ALEXANDER C:ahu1015"]
[Result "1/2-1/2"]
[ICCResult "Black stalemated"]
[WhiteElo "2531"]
[BlackElo "2023"]
[Opening "Sicilian: Canal-Sokolsky attack, Sokolsky variation"]
[ECO "B52"]
[NIC "SI.01"]
[Time "11:02:03"]
[TimeControl "2400+10"]

1. e4 c5 2. Nf3 d6 3. Bb5+ Bd7 4. Bxd7+ Qxd7 5. c4 Nf6 6. Nc3 Nc6 7. d4 cxd4
8. Nxd4 g6 9. f3 Bg7 10. Be3 O-O 11. O-O a6 12. a4 Rac8 13. b3 e6 14. Rc1 d5
15. Nxc6 bxc6 16. e5 Ne8 17. Bc5 Bxe5 18. Bxf8 Qa7+ 19. Kh1 Kxf8 20. f4 Bf6
21. cxd5 cxd5 22. Nb5 Qb8 23. Rxc8 Qxc8 24. Nd4 Nd6 25. Qd3 Qc5 26. Nf3 Ne4
27. Qxa6 Nf2+ 28. Rxf2 Qxf2 29. Qd3 Qb2 30. g3 Bc3 31. Qd1 Ke7 32. Kg1 h6
33. Kf1 Kd6 34. h3 Kc5 35. Ng1 Qa1 36. Ke2 Kb4 37. Qxa1 Bxa1 38. Kd3 Kxb3
39. a5 e5 40. fxe5 Bxe5 41. a6 Bb8 42. Nf3 Kb4 43. Ne5 Kb5 44. Nxf7 Kxa6 45.
g4 h5 46. Kd4 hxg4 47. hxg4 Kb6 48. Kxd5 Bf4 49. Nh8 g5 50. Nf7 Kc7 51. Ke6
Bd2 52. Ke7 Kc6 53. Ke6 Kc7 54. Kf6 Kd7 55. Nxg5 Ke8 56. Ne6 Bc3+ 57. Kg6
Ke7 58. Ng5 Bd2 59. Nh7 Bc1 60. Nf6 Bd2 61. Nd5+ Kf8 62. Nf6 Ke7 63. Ne4 Bc1
64. Kg7 Bb2+ 65. Kg8 Bc1 66. Kg7 Bb2+ 67. Kg6 Bc1 68. Ng3 Bd2 69. Nh5 Bc1
70. Ng7 Bd2 71. Nf5+ Kf8 72. Nd6 Kg8 73. Ne4 Bc1 74. Nf6+ Kf8 75. Nd5 Bd2
76. Nc7 Bc1 77. Ne6+ Kg8 78. Kf6 Bd2 79. Kf5 Kf7 80. Nd4 Bc1 81. Nf3 Be3 82.
Ne5+ Kg7 83. Nd3 Bd2 84. Nf4 Bxf4 85. Kxf4 Kf6 86. g5+ Kg6 87. Kg4 Kg7 88.
Kh5 Kh7 89. g6+ Kg7 90. Kg5 Kg8 91. Kf6 Kf8 92. g7+ Kg8 93. Kg6
{Black stalemated}
1/2-1/2